 Dungeon Crawl Stone Soup version 0.29.1-13-g9f3cf754e1 (webtiles) character file.

Game seed: 7574082326910947734

74 H0rd4k the Charlatan (level 4, 0/30 HPs)
             Began as an Octopode Artificer on Feb 7, 2023.
             Slain by a kobold
             ... wielding a +0 short sword
              (1 damage)
             ... on level 3 of the Dungeon.
             The game lasted 00:00:49 (1644 turns).

H0rd4k the Charlatan (Octopode Artificer)           Turns: 1644, Time: 00:00:49

Health: 0/30       AC:  1    Str: 11    XL:     4   Next: 30%
Magic:  5/7        EV: 13    Int: 15    God:
Gold:   96         SH:  0    Dex: 12    Spells: 7/7 levels left

rFire   . . .      SeeInvis .     - Unarmed
rCold   . . .      Faith    .   (no shield)
rNeg    . . .      Spirit   .   (helmet restricted)
rPois   .          Reflect  .   (no amulet)
rElec   .          Harm     .   (no ring)
rCorr   .          Rampage  .   (no ring)
Will    .....                   (no ring)
Stlth   +++.......              (no ring)
HPRegen 0.10/turn               (no ring)
MPRegen 0.10/turn               (no ring)
                                (no ring)
                                (no ring)

@: no status effects
A: almost no armour, amphibious, 8 rings, camouflage 1, gelatinous body 1,
(nimble swimmer 1), tentacles
a: no special abilities


You were on level 3 of the Dungeon.
You visited 1 branch of the dungeon, and saw 3 of its levels.

You collected 96 gold pieces.

Inventory:

Jewellery
 g - a ring of willpower
Wands
 b - a wand of flame (15) (quivered)
 c - a wand of charming (15)
 d - a wand of iceblast (5)
Scrolls
 a - a scroll of blinking {unknown}
 f - a scroll of poison {unknown}
Potions
 e - a potion of heal wounds {unknown}
 h - a potion of berserk rage {unknown}


   Skills:
 * Level 2.5 Fighting
 - Level 2.3 Dodging
 - Level 1.3 Stealth
 + Level 1.5 Unarmed Combat
 * Level 2.0 Spellcasting
 - Level 3.2 Evocations


You had 7 spell levels left.
You didn't know any spells.
Your spell library was empty.

Dungeon Overview and Level Annotations

Branches:
Dungeon (3/15)

Altars:
Makhleb

Shops:
D:2 *([

Annotations:
D:3 Jessica


Innate Abilities, Weirdness & Mutations

You cannot wear most types of armour.
You are amphibious.
You can wear up to eight rings at the same time.
Your skin changes colour to match your surroundings (Stealth+).
Your rubbery body absorbs attacks. (AC +1, EV +1)
((You are camouflaged when in or above water. (Stealth+)))
You have tentacles for arms and can constrict up to eight enemies at once.


Message History

You tentacle-slap the hobgoblin.
The hobgoblin is severely wounded.
You constrict the hobgoblin. The hobgoblin misses you.
You tentacle-slap the hobgoblin but do no damage.
The hobgoblin is almost dead.
You constrict the hobgoblin.
You kill the hobgoblin!
The howler monkey hits you.
* * * LOW HITPOINT WARNING * * *
You closely miss the howler monkey. You grab the howler monkey.
The howler monkey is lightly wounded.
You constrict the howler monkey.
The howler monkey hoots and howls with incredible vigour!
You hear a shout! x3
You tentacle-slap the howler monkey.
The howler monkey is moderately wounded.
You constrict the howler monkey. The howler monkey closely misses you.
Jessica the Apprentice Sorceress comes into view.
She is wielding a +0 dagger.
You tentacle-slap the howler monkey but do no damage.
You squeeze the howler monkey.
The howler monkey is severely wounded.
You constrict the howler monkey, but do no damage.
The howler monkey closely misses you.
You tentacle-slap the howler monkey.
The howler monkey is almost dead.
You constrict the howler monkey.
Jessica gestures wildly while chanting.
Jessica blinks!
The howler monkey hits you!
* * * LOW HITPOINT WARNING * * *
You tentacle-slap the howler monkey.
The howler monkey is almost dead.
You constrict the howler monkey.
You kill the howler monkey!
Your Unarmed Combat skill increases to level 1!
Your Spellcasting skill increases to level 2!
You have reached level 4!
You tentacle-slap the kobold but do no damage.
Your grab misses the kobold.
The kobold hits you with a +0 short sword.
You die...

#.#...........#
.............#
~.~...........#
.⌠...#........#
~~~......######
....##.#.#..?.# ..
#........#
##.####......#
#...@K......#
.....######......#
### #...@#..#
#...?.....
#.........
#..##..... #.##
..... ?. .....


You could see Jessica and a kobold.

Vanquished Creatures
  A howler monkey (D:3)
  2 adders
  3 endoplasms
  3 hobgoblins
  A quokka (D:2)
  3 ball pythons (D:2)
  3 bats (D:2)
  A kobold (D:2)
17 creatures vanquished.

Notes
Turn   | Place    | Note
-------+----------+-------------------------------------------
     0 | D:1      | H0rd4k the Octopode Artificer began the quest for the Orb.
     0 | D:1      | Reached XP level 1. HP: 13/13 MP: 1/1
     8 | D:1      | You fall into a shaft and drop 1 floor!
    30 | D:2      | Found Venk's Antique Armour Emporium.
   200 | D:2      | Found Tesaimaph's Weapon Emporium.
   287 | D:2      | Found a faded altar of an unknown god.
   334 | D:2      | Identified the +5 pair of boots "Ecuegaga" {Regen+ Str+5}
   343 | D:2      | Reached skill level 1 in Spellcasting
   343 | D:2      | Reached XP level 2. HP: 9/18 MP: 1/3
   544 | D:2      | Identified the +1 robe of the Rose {rF+}
   932 | D:2      | Found Ociw's General Store.
  1433 | D:3      | Found a burning altar of Makhleb.
  1499 | D:3      | Reached XP level 3. HP: 14/24 MP: 5/5
  1640 | D:3      | Noticed Jessica
  1642 | D:3      | HP: 1/24 [howler monkey (7)]
  1644 | D:3      | Reached skill level 1 in Unarmed Combat
  1644 | D:3      | Reached XP level 4. HP: 1/30 MP: 5/7
  1644 | D:3      | Slain by a kobold

Illustrated notes

Levels and vault maps discovered:
D:1:      heliophobic_arrival_battle_scene, layout_basic,
          chequers_serial_rivers_room_b
D:2:      layout_basic, serial_shops, shop, shop_fountains, shop,
          chequers_ecumenical_altar_simple
D:3:      minmay_goblin_kobold_castle, layout_rooms, amcnicky_altar_gilded,
          nicolae_gozag_cash_rules_everything_around_me, bloody_trog,
          kennysheep_decorative_pillar, corexii_leaking_fountain, uniq_jessica

Skill      XL: |  1  2  3 |
---------------+----------+-----
Spellcasting   | 1 2 |  2.0
Fighting       | 2 |  2.5
Unarmed Combat | 1 |  1.5
Dodging        | |  2.3
Stealth        | |  1.3
Evocations     | |  3.2

Action                   |  1- 3 |  4- 6 || total
-------------------------+-------+-------++-------
Melee: Unarmed           |    53 |     1 ||    54
       Tentacles         |    12 |       ||    12
       Constrict         |     9 |       ||     9
       Punch             |     1 |       ||     1
 Stab: Sleeping          |     4 |       ||     4
Dodge: Dodged            |    31 |       ||    31
